AoeStats
← enderyavass

Arabia

506191036Analyzed
1v1 RM · 19d ago on Sep 12, 2026· 38m 11s· 2 players
Game mode
Random Map
Map size
Tiny (2 player)
Population
200
Speed
Normal
Resources
Standard
Victory
Conquest
Starting age
Dark Age
Ending age
Imperial Age
RankedLock teamsTeams togetherTeam positionsShared explorationLock speedFull tech treeHidden civsTurbo modeCheats
Victory
Defeat
🇻🇪 Byzantines · Venezuela
1157
+15
🇹🇷 Vikings · Türkiye
1126
-15
enderyavass
6:58 Loom
10:28 Feudal Age
11:04 Double-Bit Axe
15:56 Fletching
21:48 Castle Age
20:08 Horse Collar
22:53 Scale Barding Armor
26:24 Chain Barding Armor
28:18 Forging
30:32 Iron Casting
33:11 Padded Archer Armor
33:12 Gold Mining
34:58 Bow Saw
36:52 Stone Mining
July_1408
6:36 Loom
9:43 Feudal Age
11:39 Double-Bit Axe
13:24 Horse Collar
16:19 Fletching
18:53 Wheelbarrow
20:11 Gold Mining
23:08 Castle Age
23:44 Forging
23:39 Scale Barding Armor
24:05 Husbandry
25:25 Hand Cart
30:34 Iron Casting
33:37 Chain Barding Armor
36:43 Imperial Age
37:05 Cavalier
Connection lost

Rejoining the realm…

Still unreachable

The connection could not be restored.

Session expired

The server has moved on; the page needs a fresh start.